 Dungeon Crawl Stone Soup version 0.29.1-15-g9cfb28693d (webtiles) character file.

Game seed: 10527103162269356995

1684 Heoruswealwe the Thaumaturge (level 8, -2/41 HPs)
             Began as a Deep Elf Earth Elementalist on Mar 30, 2023.
             Was a Priest of Sif Muna.
             Slain by a water moccasin (4 damage)
             ... on level 6 of the Dungeon.
             The game lasted 00:51:48 (4198 turns).

Heoruswealwe the Thaumaturge (DEEE)                 Turns: 4198, Time: 00:51:48

Health: -2/41      AC:  3    Str:  5    XL:     8   Next: 71%
Magic:  23/23      EV: 12    Int: 23    God:    Sif Muna [***...]
Gold:   27         SH:  0    Dex: 15    Spells: 16/26 levels left

rFire   + . .      SeeInvis .   (no weapon)
rCold   + . .      Faith    .   (no shield)
rNeg    + . .      Spirit   .   a - +0 robe {rC+ rF+}
rPois   .          Reflect  .   (no helmet)
rElec   .          Harm     .   (no cloak)
rCorr   +          Rampage  .   (no gloves)
Will    .....                   c - +0 pair of boots
Stlth   ++........              u - amulet of magic regeneration
HPRegen 0.13/turn               g - ring of positive energy
MPRegen 0.58/turn               w - ring of resist corrosion

@: lethally poisoned (-2 -> -11)
A: no striking features
a: Renounce Religion, Channel Magic, Forget Spell


You were on level 6 of the Dungeon.
You worshipped Sif Muna.
Sif Muna was most pleased with you.
You visited 1 branch of the dungeon, and saw 6 of its levels.

You collected 182 gold pieces.
You spent 155 gold pieces at shops.

Inventory:

Hand Weapons
 y - a +3 war axe
Armour
 a - a +0 robe of resistance (worn)
 c - a +0 pair of boots (worn)
Magical Staves
 x - a staff of death
Jewellery
 g - a ring of positive energy (left hand)
 u - an amulet of magic regeneration (around neck)
 w - a ring of resist corrosion (right hand)
Scrolls
 d - 6 scrolls of teleportation
 h - 2 scrolls of enchant weapon
 j - a scroll of amnesia
 n - a scroll of fear
 z - a scroll of magic mapping
Potions
 b - a potion of magic
 f - a potion of cancellation {unknown}
 i - a potion of heal wounds {unknown}
 l - a potion of ambrosia {unknown}
 m - 2 potions of degeneration {unknown}
 o - 2 potions of lignification {unknown}
 p - 3 potions of curing {unknown}
 q - a potion of mutation {unknown}
 r - a potion of invisibility {unknown}
 v - a potion of might


   Skills:
 - Level 2.4 Dodging
 - Level 2.4 Stealth
 * Level 9.7 Spellcasting
 + Level 5.4 Transmutations
 * Level 8.4 Earth Magic


You had 16 spell levels left.
You knew the following spells:

 Your Spells              Type           Power      Damage    Failure   Level
a - Sandblast             Erth           100%       2d20      1%          1
b - Stone Arrow           Conj/Erth      60%        3d10      3%          3
c - Petrify               Tmut/Erth      43%        N/A       3%          4
z - Passwall              Tmut/Erth      35%        N/A       1%          2

Your spell library contained the following spells:

 Spells                   Type           Power      Damage    Failure   Level
 Necrotise                Necr           44%        1d6       6%          1
 Spider Form              Tmut/Pois      23%        N/A       6%          3
 Ensorcelled Hibernation  Hex/Ice        22%        N/A       9%          2
 Vampiric Draining        Necr           11%        2d6       17%         3
 Anguish                  Hex/Necr       5%         N/A       50%         4
 Summon Ice Beast         Ice/Summ       11%        N/A       50%         4
 Agony                    Necr           11%        N/A       85%         5
 Summon Mana Viper        Hex/Summ       11%        N/A       85%         5
 Monstrous Menagerie      Summ           5%         N/A       100%        7


Dungeon Overview and Level Annotations

Branches:
Dungeon (6/15)
 Temple: D:4-7

Altars:
Elyvilon
Sif Muna

Shops:
D:5 ?


Message History

Aim: Edmund, wielding a +5 dire flail of protection and wearing a +0 scale mail (almost dead, 87% to hit)
The blast of sand hits Edmund!
You kill Edmund!
Sif Muna accepts your kill.
m - 2 inky potions (gained 1)
Things that are here:
a +5 dire flail of protection; a +0 scale mail
Found a stone staircase leading up.
A water moccasin comes into view.
You are too injured to fight recklessly!
Casting: Sandblast (safe; 1% risk of failure)
Confirm with . or Enter, or press ? or * to list all spells.
Aiming: Sandblast (safe; 1% risk of failure)
Press: ? - help, Shift-Dir - straight line, f - water moccasin
Aim: a water moccasin (76% to hit)
The blast of sand misses the water moccasin.
The water moccasin closely misses you.
Casting: Sandblast (safe; 1% risk of failure)
Confirm with . or Enter, or press ? or * to list all spells.
Aiming: Sandblast (safe; 1% risk of failure)
Press: ? - help, Shift-Dir - straight line, f/p - water moccasin
Aim: a water moccasin (76% to hit)
The blast of sand hits the water moccasin.
The water moccasin is moderately wounded.
The water moccasin bites you.
You are lethally poisoned!
The water moccasin poisons you! The water moccasin misses you.
The water moccasin bites you.
* * * LOW HITPOINT WARNING * * *
Casting: Sandblast (safe; 1% risk of failure)
Confirm with . or Enter, or press ? or * to list all spells.
Aiming: Sandblast (safe; 1% risk of failure)
Press: ? - help, Shift-Dir - straight line, f/p - water moccasin
Aim: a water moccasin (lightly wounded, 76% to hit)
The blast of sand hits the water moccasin!!
The water moccasin is almost dead.
* * * LOW HITPOINT WARNING * * *
You feel very sick. The water moccasin bites you.
You die...

...#.#...#...#...#..
..#...#..
.....#...#...#####..
..##### .
...###...#...#...#.. ..#
...#
##.###.#.....#.###.#.
####
##...###...###...###. #
##.....#.###.#.. #
#.#...#...#...# # #
#.#####...#.S.##### ..# #
#.#...#...#@..#...#...#
##.....#.###.#.....# ##
##...###...###...## .##
##.###.#.....#.###.# ..#
#...#...#...#...# .#
#.####...#...#####...# .#
#....#...#...#...#...#
..#
####.##.###.#.....#.###.#
#.###...###...###...#


You could see a water moccasin.

Vanquished Creatures
  Edmund (D:6)
  A water moccasin (D:5)
  3 black bears
  2 ice beasts
  A centaur (D:5)
  A phantom (D:5)
  A bullfrog (D:6)
  2 scorpions
  2 hounds
  3 orc priests
  4 iguanas
  Natasha (thrice) (D:2)
  7 orc wizards
  3 gnolls (D:5)
  6 adders
  An ufetubus (D:6)
  3 worms
  3 dart slugs
  11 orcs
  3 bats
  5 endoplasms
  8 goblins
  9 hobgoblins
  6 jackals
  2 quokkas
  4 ball pythons
  5 frilled lizards
  11 kobolds
  9 rats
120 creatures vanquished.

Notes
Turn   | Place    | Note
-------+----------+-------------------------------------------
     0 | D:1      | Heoruswealwe the Deep Elf Earth Elementalist began the
                  | quest for the Orb.
     0 | D:1      | Reached XP level 1. HP: 10/10 MP: 6/6
   131 | D:1      | Reached XP level 2. HP: 12/15 MP: 2/8
   148 | D:1      | Learned a level 2 spell: Passwall
   889 | D:2      | Reached XP level 3. HP: 18/19 MP: 8/10
   893 | D:2      | Learned a level 3 spell: Stone Arrow
   980 | D:2      | Reached skill level 4 in Spellcasting
  1030 | D:2      | Found a faded altar of an unknown god.
  1046 | D:2      | Prayed at the altar of an unknown god.
  1046 | D:2      | Became a worshipper of Sif Muna the Loreminder
  1046 | D:2      | Reached * piety under Sif Muna
  1164 | D:2      | Noticed Natasha
  1166 | D:2      | Killed Natasha
  1167 | D:2      | Reached XP level 4. HP: 24/24 MP: 10/12
  1223 | D:2      | Noticed Natasha
  1229 | D:2      | Killed Natasha
  1243 | D:2      | Identified the +3 leather armour "Wewkymp" {Stlth+}
  1497 | D:2      | Noticed Natasha
  1500 | D:2      | Killed Natasha
  1501 | D:2      | Reached skill level 5 in Spellcasting
  1501 | D:2      | Reached XP level 5. HP: 21/28 MP: 10/14
  1696 | D:3      | Learned a level 4 spell: Petrify
  2120 | D:3      | Reached ** piety under Sif Muna
  2400 | D:4      | Noticed an ice beast
  2412 | D:4      | Killed an ice beast
  2413 | D:4      | Reached skill level 5 in Earth Magic
  2413 | D:4      | Reached XP level 6. HP: 17/32 MP: 6/16
  2548 | D:4      | Reached skill level 6 in Spellcasting
  2616 | D:4      | Found a white marble altar of Elyvilon.
  2954 | D:4      | Reached XP level 7. HP: 17/36 MP: 17/19
  3292 | D:5      | Entered Level 5 of the Dungeon
  3304 | D:5      | Reached skill level 7 in Spellcasting
  3367 | D:5      | Identified the +7 sling of Pedghuf {venom, Will- Str+9
                  | Dex+6 Stlth+}
  3393 | D:5      | Reached skill level 8 in Spellcasting
  3438 | D:5      | Reached XP level 8. HP: 41/41 MP: 22/22
  3744 | D:5      | Found Xuliw's Magic Scroll Emporium.
  3759 | D:5      | Bought a scroll of identify for 20 gold pieces
  3759 | D:5      | Bought a scroll of identify for 20 gold pieces
  3759 | D:5      | Bought a scroll of magic mapping for 75 gold pieces
  3759 | D:5      | Bought a scroll of identify for 20 gold pieces
  3759 | D:5      | Bought a scroll of identify for 20 gold pieces
  3998 | D:6      | Reached *** piety under Sif Muna
  4019 | D:6      | Reached skill level 9 in Spellcasting
  4036 | D:6      | Reached skill level 5 in Transmutations
  4162 | D:6      | Noticed Edmund
  4171 | D:6      | Killed Edmund
  4198 | D:6      | HP: 2/41 [poisoned by a water moccasin]
  4198 | D:6      | Slain by a water moccasin

Illustrated notes

Levels and vault maps discovered:
D:1:      pf_arrival_petrified_forest, layout_basic
D:2:      minmay_kobold_bridge, layout_loops_ring,
          hellmonk_ecumenical_altar_slurped_away, uniq_natasha
D:3:      layout_basic
D:4:      layout_loops_ring, elyvilon_altar_1, chequers_avenue,
          hangedman_decor_clover_reticule
D:5:      layout_basic, serial_shops, shop
D:6:      nicolae_cairo_tiling, layout_basic, minmay_three_doors, uniq_edmund

Skill      XL: |  1  2  3  4  5  6  7  8 |
---------------+-------------------------+-----
Spellcasting   | 4 5 6 8 9 |  9.7
Earth Magic    | 4 5 6 7 8 |  8.4
Transmutations | 2 3 4 5 |  5.4
Dodging        | |  2.4
Stealth        | |  2.4

Action                   |  1- 3 |  4- 6 |  7- 9 || total
-------------------------+-------+-------+-------++-------
Melee: Unarmed           |     1 |       |       ||     1
 Cast: Sandblast         |    50 |    85 |    63 ||   198
       Passwall          |       |       |     1 ||     1
  Use: Scroll            |       |     7 |     6 ||    13
Armor: Robe              |     2 |     5 |     2 ||     9
Dodge: Dodged            |     7 |    18 |    13 ||    38
